 Dungeon Crawl Stone Soup version 0.25-a0-566-g062765be81 (webtiles) character file.

Game seed: 11988799440324458249, levelgen mode: deterministic

3989 Flugslaktarn the Cleaver (level 10, -6/138 HPs)
             Began as a Deep Dwarf Fighter on Feb 28, 2020.
             Was a Believer of Makhleb.
             Mangled by an orc knight
             ... wielding a +0 war axe
              (20 damage)
             ... in a bailey.
             The game lasted 00:03:52 (3725 turns).

Flugslaktarn the Cleaver (Deep Dwarf Fighter)       Turns: 3725, Time: 00:03:53

Health: -6/138     AC: 25    Str: 23    XL:     10   Next: 3%
Magic:  6/6        EV:  2    Int:  9    God:    Makhleb [**....]
Gold:   194        SH: 11    Dex: 12    Spells: 9/9 levels left

rFire    + . .     SeeInvis .   g - +3 hand axe (vamp)
rCold    + . .     Gourm    .   c - +0 kite shield
rNeg     + + +     Faith    .   (armour currently unavailable)
rPois    +         Spirit   .   (helmet currently unavailable)
rElec    +         Reflect  .   (cloak currently unavailable)
rCorr    +         Harm     .   (gloves currently unavailable)
MR       +....     NoTele   +   (boots currently unavailable)
Stlth    +.........             (no amulet)
HPRegen  0.00/turn              o - ring of poison resistance
MPRegen  0.10/turn              (no ring)

@: mighty, tree-form (expiring), resistant, stab, very slightly contaminated,
non-regenerating
A: damage resistance, heal wounds, sense surroundings 2, no regeneration
a: Heal Wounds, Minor Destruction, Renounce Religion


You were in a bailey.
You worshipped Makhleb.
Makhleb was pleased with you.
You were not hungry.
You were a tree.
You visited 2 branches of the dungeon, and saw 8 of its levels.
You also visited: Bailey.

You collected 194 gold pieces.

Inventory:

Hand Weapons
 a - a +0 war axe
 g - a +3 vampiric hand axe (weapon)
   (You took it off an orc priest on level 6 of the Dungeon)
Armour
 c - a +0 kite shield (worn)
 n - a +0 chain mail (melded)
   (You found it on level 4 of the Dungeon)
 t - a +0 pair of boots (melded)
   (You found it on level 5 of the Dungeon)
 y - a +0 cloak (melded)
   (You found it on level 6 of the Dungeon)
Jewellery
 o - a ring of poison resistance (left branch)
   (You found it on level 2 of the Dungeon)
Wands
 p - a wand of clouds (4)
   (You found it on level 7 of the Dungeon)
 x - a wand of acid (5)
   (You found it on level 6 of the Dungeon)
Scrolls
 h - 4 scrolls of remove curse
 r - a scroll of identify
Potions
 b - 2 potions of degeneration
 d - 2 potions of might
 f - a potion of brilliance
 i - 2 potions of lignification
 q - 2 potions of curing
 u - a potion of stabbing
 w - a potion of heal wounds
Comestibles
 e - 10 rations
 j - 18 chunks of flesh


   Skills:
 + Level 6.3 Fighting
 * Level 9.9 Axes
 + Level 7.6 Armour
 + Level 7.6 Shields
 + Level 4.3 Invocations


You had 9 spell levels left.
You didn't know any spells.
Your spell library was empty.

Dungeon Overview and Level Annotations

Branches:
Dungeon (7/15)             Temple (1/1) D:6          Bailey (1/1)

Altars:
Ashenzari
Cheibriados
Elyvilon
Gozag
Hepliaklqana
Kikubaaqudgha
Makhleb
Nemelex Xobeh
Okawaru
Qazlal
Ru
Sif Muna
Trog
Uskayaw
Vehumet
Wu Jian
Xom
Yredelemnul
Zin
The Shining One

Shops:
D:6 (

Annotations:
D:7 Prince Ribbit


Innate Abilities, Weirdness & Mutations

You are resistant to damage.
You can heal yourself by infusing magical energy.
You passively map the area around you.
You do not regenerate.


Message History

You feel much better.
The orc warrior no longer looks unusually strong.
The orc warlord roars a battlecry!
The orc warrior goes into a battle-frenzy!
You block the orc knight's attack.
The orc knight hits you with a +0 war axe!
You slash the orc warlord!
You feel better.
The orc warlord is lightly wounded.
You slash the orc knight! You hit the orc knight.
You feel better.
The orc warlord hits you with a +2 great mace!
The orc knight hits you with a +0 war axe!
The orc knight hits you with a +0 war axe!!
* * * LOW HITPOINT WARNING * * *
You slash the orc warlord!
The orc warlord is lightly wounded.
You hit the orc knight. You barely miss the orc knight.
The orc warlord hits you with a +2 great mace!!
* * * LOW HITPOINT WARNING * * *
The orc knight hits you with a +0 war axe!!
You die...

#...........#........
#...........#)).....)
###.........###......)
###.#'#.....###.###....)
###....)###.###oo.
###.##
##......)..###,.... ###.
#..........8#*o.... ,
#.. #......)..o8#go....
,, #..
#∩....⌠...♣ooogo... ,
#.. #.........o8#oo....
#.. #..........8#*o....
#.. ##.........###,o...
, , ##.
###.....###.###.o. *,##
###.#'#.....###. ,
###)).......## ,
#...........# ,
#...........# ,,,


You could see an orc warlord, 2 orc knights, 5 orc warriors, an orc, a hobgoblin
and a goblin.

Vanquished Creatures
  Pikel (D:6)
  An orc knight (Bailey)
  A yak (D:6)
  Menkaure (D:7)
  8 orc warriors
  A sky beast (D:7)
  3 ogres
  2 slaves (D:6)
  A necrophage (D:7)
  A phantom (D:5)
  A bullfrog (D:6)
  A wyvern zombie (D:7)
  4 killer bees (D:7)
  A howler monkey (D:7)
  A crimson imp (D:5)
  A bullfrog zombie (D:7)
  2 jellies
  2 quasits
  3 hounds
  3 bullfrog skeletons
  6 orc priests
  2 centaur skeletons (D:4)
  7 orc wizards
  An iguana (D:7)
  4 worker ants
  A killer bee zombie (D:5)
  8 adders
  7 gnolls
  An ooze (D:4)
  An adder zombie (D:5)
  An adder skeleton (D:4)
  A worm (D:2)
  4 leopard geckos
  40 orcs
  5 giant cockroaches
  13 goblins
  16 hobgoblins
  5 jackals
  A kobold (D:3)
  A quokka (D:7)
  A bat (D:7)
  A frilled lizard (D:4)
  A leopard gecko zombie (D:7)
  2 quokka skeletons
  2 rats
171 creatures vanquished.

Vanquished Creatures (others)
  A bullfrog (D:6)
  An orc wizard (D:5)
2 creatures vanquished.

Grand Total: 173 creatures vanquished

Notes
Turn   | Place    | Note
-------+----------+-------------------------------------------
     0 | D:1      | Flugslaktarn the Deep Dwarf Fighter began the quest for the
                  | Orb.
     0 | D:1      | Reached XP level 1. HP: 20/20 MP: 1/1
    17 | D:1      | Noticed a minotaur skeleton
    17 | D:1      | Noticed a minotaur skeleton
    59 | D:2      | Reached XP level 2. HP: 17/27 MP: 2/2
    66 | D:2      | Reached skill level 3 in Axes
    66 | D:2      | Reached XP level 3. HP: 22/33 MP: 3/3
   115 | D:2      | Found a glowing silver altar of Zin.
   117 | D:2      | Found a hide-covered altar of Uskayaw.
   123 | D:2      | Found a stormy altar of Qazlal.
   123 | D:2      | Found a glowing golden altar of the Shining One.
   130 | D:2      | Found a shimmering altar of Xom.
   132 | D:2      | Found a sacrificial altar of Ru.
   458 | D:3      | Reached XP level 4. HP: 36/42 MP: 3/3
   517 | D:4      | Reached skill level 4 in Axes
   517 | D:4      | Reached XP level 5. HP: 38/49 MP: 4/4
   578 | D:4      | Noticed an ogre
   584 | D:4      | Killed an ogre
   584 | D:4      | Reached XP level 6. HP: 42/57 MP: 5/5
   804 | D:4      | Reached skill level 5 in Axes
  1143 | D:4      | Reached XP level 7. HP: 45/64 MP: 6/6
  1227 | D:5      | Entered Level 5 of the Dungeon
  1261 | D:5      | Reached skill level 5 in Armour
  1274 | D:5      | Reached skill level 5 in Shields
  1404 | D:5      | Found a basalt altar of Yredelemnul.
  1503 | D:5      | Reached skill level 6 in Axes
  2069 | D:5      | Reached XP level 8. HP: 50/73 MP: 6/6
  2202 | D:6      | Reached skill level 7 in Axes
  2213 | D:6      | Reached skill level 5 in Fighting
  2299 | D:6      | Noticed Pikel
  2343 | D:6      | Killed Pikel
  2343 | D:6      | Reached skill level 8 in Axes
  2493 | D:6      | Found a staircase to the Ecumenical Temple.
  2501 | Temple   | Entered the Ecumenical Temple
  2564 | Temple   | Became a worshipper of Makhleb the Destroyer
  2633 | D:6      | Gained mutation: You passively map the area around you.
                  | [Deep Dwarf growth]
  2633 | D:6      | Reached XP level 9. HP: 81/81 MP: 7/7
  2701 | D:6      | Found Vepsis's Antique Weapon Shop.
  2979 | D:7      | Noticed Prince Ribbit
  3071 | D:7      | Reached skill level 1 in Invocations
  3140 | D:7      | Noticed Menkaure
  3170 | D:7      | Killed Menkaure
  3170 | D:7      | Reached skill level 9 in Axes
  3265 | D:7      | Reached * piety under Makhleb
  3282 | D:7      | Found a flagged portal.
  3300 | Bailey   | Entered a bailey
  3438 | Bailey   | Noticed an orc knight
  3502 | Bailey   | Reached ** piety under Makhleb
  3506 | Bailey   | HP: 1/82 [orc knight/+0 war axe (16)]
  3605 | Bailey   | Killed an orc knight
  3661 | Bailey   | Reached XP level 10. HP: 49/91 MP: 8/8
  3687 | Bailey   | Noticed an orc knight
  3687 | Bailey   | Noticed an orc warlord
  3687 | Bailey   | Noticed an orc knight
  3725 | Bailey   | Mangled by an orc knight

Levels and vault maps discovered:
D:1:      shiori_arrival_whats_in_store_for_you, layout_loops_cross,
          minmay_nonomino_d4
D:2:      layout_basic, grunt_temple_overflow_open
D:3:      layout_rooms, skrybe_limestone_x, hangedman_decor_points
D:4:      layout_loops_cross, first_ration, minmay_misc_feat_square,
          nrook_uturn, minmay_bent
D:5:      layout_basic, lemuel_round_altar
D:6:      layout_loops_ring, minmay_temple_entry_large_hall, serial_shops,
          nicolae_shop_statue_plus, serial_glass, glass_columns_c,
          glass_columns_a, minmay_manual_mail, uniq_pikel
D:7:      layout_basic, lemuel_round_altar, lemuel_round_altar, enter_bailey_2,
          the_bakery, minmay_misc_feat_secret_circle, chequers_garden,
          nicolae_ru_great_annihilating_truth, uniq_prince_ribbit1,
          uniq_menkaure
Temple:   cyrus_circular_temple
Bailey:   bailey_axe_minmay_hex_keep, bailey

Skill      XL: |  1  2  3  4  5  6  7  8  9 |
---------------+----------------------------+-----
Axes           | 3 4 5 6 8 9 |  9.9
Fighting       | 3 4 5 6 |  6.3
Armour         | 4 5 6 7 |  7.6
Shields        | 4 5 6 7 |  7.6
Invocations    | 4 |  4.3

Action                   |  1- 3 |  4- 6 |  7- 9 | 10-12 || total
-------------------------+-------+-------+-------+-------++-------
Melee: War axe           |    53 |    75 |   184 |       ||   312
       Hand axe          |       |       |   433 |    25 ||   458
 Abil: Heal Wounds       |     4 |     2 |    17 |     7 ||    30
  Use: Scroll            |       |       |    11 |     2 ||    13
       Potion            |       |       |       |     9 ||     9
  Eat: Chunk             |       |     1 |     6 |       ||     7
       Ration            |       |       |     1 |       ||     1
Armor: Scale mail        |    32 |    16 |       |       ||    48
       Chain mail        |       |    13 |   249 |     2 ||   264
       Skin              |       |       |     1 |     8 ||     9
Dodge: Dodged            |    28 |    24 |   157 |       ||   209
Block: Kite shield       |    48 |    35 |   368 |    11 ||   462

Table legend:
 A = Non-vault XP
 B = Vault XP
 C = Vault XP percentage of total XP
 D = Non-vault monster count
 E = Vault monster count
 F = Vault count percentage of total count
                 A         B        C        D         E       F
            +---------+---------+-------+---------+---------+-------
      Total |    2853 |    2846 |  49.9 |     111 |      59 |  34.7
            +---------+---------+-------+---------+---------+-------
        D:1 |       1 |       0 |   0.0 |       1 |       0 |   0.0
        D:2 |      47 |       0 |   0.0 |       5 |       0 |   0.0
        D:3 |     137 |       0 |   0.0 |      13 |       0 |   0.0
        D:4 |     381 |     171 |  31.0 |      15 |       4 |  21.1
        D:5 |     783 |       0 |   0.0 |      34 |       0 |   0.0
        D:6 |     363 |     949 |  72.3 |      12 |       5 |  29.4
        D:7 |    1141 |     178 |  13.5 |      31 |       3 |   8.8
     Bailey |       0 |    1548 | 100.0 |       0 |      47 | 100.0
            +---------+---------+-------+---------+---------+-------
